 Dungeon Crawl Stone Soup version 0.21.0-3-g78d12a8bdd (webtiles) character file.

58673 DildoBatman the Bewitcher (level 15, -8/105 HPs)
             Began as a Formicid Enchanter on Jan 11, 2018.
             Was a High Priest of Sif Muna.
             Mangled by an orc warrior
             ... wielding a +0 halberd
              (19 damage)
             ... on level 1 of the Orcish Mines.
             The game lasted 03:39:58 (30662 turns).

DildoBatman the Bewitcher (Formicid Enchanter)     Turns: 30662, Time: 03:39:58

Health: -8/105     AC: 16    Str: 24    XL:     15   Next: 31%
Magic:  27/29      EV: 14    Int: 16    God:    Sif Muna [*****.]
Gold:   1254       SH: 15    Dex: 15    Spells: 20/34 levels left

rFire    x . .     SeeInvis +   h - +6 great mace of Vengeance {vamp, rElec Str+6}
rCold    + + .     Gourm    .   l - +0 shield {rC+}
rNeg     . . .     Faith    .   p - +4 ring mail {MR+}
rPois    .         Spirit   .   (helmet unavailable)
rElec    +         Reflect  +   E - +0 cloak {MR+}
rCorr    .         Harm     .   g - +2 pair of gloves {archery}
MR       +++..                  U - +0 pair of boots
Stlth    ++++......             K - +3 amulet of reflection
HPRegen  0.27/turn              S - +4 ring of dexterity
MPRegen  0.21/turn              G - ring of ice

@: no status effects
A: permanent stasis, dig shafts and tunnels, four strong arms, antennae 3
a: Dig, Shaft Self, Divine Energy, Channel Magic, Forget Spell, Renounce
Religion


You were on level 1 of the Orcish Mines.
You worshipped Sif Muna.
Sif Muna was extremely pleased with you.
You were near starving.

You visited 4 branches of the dungeon, and saw 19 of its levels.
You also visited: Labyrinth and Ice Cave.

You collected 1254 gold pieces.

Inventory:

Hand Weapons
 h - the +6 great mace of Vengeance (weapon) {vamp, rElec Str+6}
   (You found it in an ice cave)

   It inflicts no extra harm, but heals its wielder when it wounds a living foe.
   It affects your strength (+6).
   It insulates you from electricity.
Armour
 g - a +2 pair of gloves of archery (worn)
 l - a +0 shield of cold resistance (worn)
 p - a +4 ring mail of magic resistance (worn)
 E - a +0 cloak of magic resistance (worn)
 U - a +0 pair of boots (worn)
Jewellery
 a - a cursed ring of loudness {unknown}
 j - a +3 ring of strength
 n - an uncursed ring of protection from magic
 G - a ring of ice (right hand)
 H - an uncursed ring of resist corrosion
 K - a +3 amulet of reflection (around neck)
 S - a +4 ring of dexterity (left hand)
Wands
 b - a wand of polymorph (11)
 t - a wand of paralysis (16)
 u - a wand of iceblast (23)
 A - a wand of acid (8)
 I - a wand of flame (40)
Scrolls
 q - 6 scrolls of magic mapping
 r - a scroll of blinking {unknown}
 w - a scroll of random uselessness {unknown}
 x - 5 scrolls of remove curse
 y - 3 scrolls of fog {unknown}
 z - 2 scrolls of identify
 D - 2 scrolls of immolation {unknown}
 J - a scroll of fear {unknown}
 P - a scroll of amnesia {unknown}
Potions
 i - 3 potions of mutation {unknown}
 k - 4 potions of invisibility {unknown}
 m - 3 potions of heal wounds
 s - 5 potions of resistance
 F - 5 potions of flight {unknown}
 O - 2 potions of agility
 Q - a potion of berserk rage {unknown}
 R - 3 potions of might {unknown}
 T - 3 potions of ambrosia {unknown}
 Z - 6 potions of curing
Comestibles
 c - 2 chunks of flesh
 v - 35 rations


   Skills:
 - Level 6.0 Fighting
   Level 1.0(2.0) Short Blades
   Level 2.8(3.0) Long Blades
 - Level 3.0 Maces & Flails
 - Level 6.0 Armour
 - Level 5.0 Dodging
 - Level 12.0 Stealth
 - Level 9.0 Shields
 - Level 10.0 Spellcasting
 * Level 18.7 Hexes
 - Level 5.0 Transmutations
 - Level 5.0 Earth Magic
 - Level 5.0 Evocations


You had 20 spell levels left.
You knew the following spells:

 Your Spells              Type           Power        Failure   Level  Hunger
a - Slow                  Hex            ######..     0%          2    None
b - Confuse               Hex            ######..     1%          3    None
c - Corona                Hex            ######.      0%          1    None
d - Petrify               Tmut/Erth      ###.....     17%         4    ###....
e - Cause Fear            Hex            ######....   1%          4    ###....


Dungeon Overview and Level Annotations

Branches:
Dungeon (11/15)            Temple (1/1) D:4            Lair (6/6) D:11
 Shoals (0/4) Lair:4        Snake (0/4) Lair:4        Slime (0/5) Lair:5
    Orc (1/2) D:11

Altars:
Ashenzari
Cheibriados
Dithmenos
Elyvilon
Fedhas
Gozag
Hepliaklqana
Kikubaaqudgha
Makhleb
Nemelex Xobeh
Okawaru
Qazlal
Ru
Sif Muna
Trog
Uskayaw
Vehumet
Wu Jian
Xom
Yredelemnul
Zin
The Shining One

Shops:
D:9 (   D:10 :   D:11 [

Annotations:
D:11 exclusion: ugly thing
Lair:1 exclusion: 4 oklob plants, Fv001's ghost, journeyman GnEE
Lair:2 exclusion: catoblepas
Lair:3 Rupert
Lair:4 exclusion: 2 oklob plants


Innate Abilities, Weirdness & Mutations

You cannot be hasted, slowed, berserked, paralysed or teleported.
You can dig through walls and to a lower floor.
Your four strong arms can wield two-handed weapons with a shield.
You have a pair of large antennae on your head. (SInv)


Message History

You block the ogre's attack. The orc barely misses you.
The orc priest completely misses you.
The soul eater draws from the surrounding life force!
You retract your mandibles.
You barely miss the orc. The orange demon misses you.
You block the orc high priest's attack.
The orc warrior hits you from afar with a halberd!
The warg misses you.
The hellwing barely misses the soul eater. x2
You block the orc's attack.
The soul eater draws from the surrounding life force!
You block the orc priest's attack. The orange demon barely misses you.
The ogre closely misses you. The warg barely misses you.
You block the orc high priest's attack.
The orc warrior hits you from afar with a halberd!!
You die...

##..#...........
#.....(.........
##......$...$....
#..$..$..........
##>....#........
#.##...o....# ..
......o4oO..#.$..
#.....#O3o)#...#
#.....o@o4....#..
...$..#hoo.#.#....
....##..o....# ..
#.....#........#
.................
#...#..(.....#.##
.$..##........#
.... #.#....... #.
.. ...##..


You could see a soul eater, an orc high priest, an orange demon, a hellwing
(confused), a warg, 2 orc warriors, 2 ogres, an orc priest and 5 orcs.

Vanquished Creatures
  Nessos (Lair:4)
  Josephine (Lair:5)
  3 hydras
  4 two-headed ogres
  3 catoblepae (Lair:6)
  5 death yaks (Lair:6)
  A tengu warrior (D:9)
  A fire crab (Lair:6)
  Nergalle (Lair:3)
  3 lindwurms (Lair:4)
  3 manticores
  A cyclops (D:10)
  10 elephants
  3 ice statues (IceCv)
  3 black mambas
  Joseph (D:7)
  7 spiny frogs
  2 centaur skeletons (D:10)
  2 rime drakes
  9 komodo dragons
  A freezing wraith (D:7)
  2 ice devils (Lair:6)
  3 meliai (Lair:4)
  A queen bee (Lair:4)
  The ghost of BreadTh the Thaumaturge, a novice SpWz (D:5)
  12 polar bears (IceCv)
  2 hornets (D:9)
  26 blink frogs
  8 hippogriffs
  A snapping turtle (Lair:4)
  The ghost of Merkolit the Digger, an amateur OpEE (D:3)
  A shadow (D:10)
  6 wraiths
  46 yaks
  4 basilisks
  2 wyverns
  2 hungry ghosts (D:11)
  The ghost of keat06 the Skirmisher, an amateur GrFi (D:4)
  13 water moccasins
  A two-headed ogre zombie (D:11)
  12 porcupines
  Duvessa (D:6)
  5 black bears
  2 orc warriors (D:10)
  6 ice beasts
  3 sky beasts
  2 necrophages
  3 phantoms
  25 wolves
  A boggart (D:7)
  An eye of draining (D:10)
  7 ogres
  2 centaurs
  9 crocodiles
  A big kobold (D:8)
  14 bullfrogs
  A gnoll sergeant (D:6)
  Dowan (D:6)
  2 scorpions
  34 killer bees
  2 troll zombies (D:11)
  3 wights (D:10)
  3 howler monkeys (D:10)
  2 bullfrog zombies
  8 crimson imps
  A centaur zombie (D:5)
  A quasit (D:10)
  7 orc priests
  13 hounds
  A jelly (D:6)
  Crazy Yiuf (D:2)
  2 iguanas
  3 bullfrog skeletons
  Ijyb (D:3)
  A hell rat (Lair:4)
  11 orc wizards
  8 worker ants
  5 ogre zombies (D:11)
  2 hound zombies (D:10)
  A hound skeleton (D:8)
  A mummy (D:8)
  A worker ant zombie (D:9)
  15 gnolls
  13 adders
  7 river rats
  3 shadow imps (D:10)
  An ooze (D:7)
  An adder skeleton (D:6)
  4 worms
  2 leopard geckos
  29 orcs
  6 giant cockroaches
  5 goblins
  4 hobgoblins
  4 jackals (D:6)
  13 kobolds
  4 quokkas
  A ball python (D:2)
  7 bats
  3 frilled lizards
  4 goblin zombies (D:11)
  2 hobgoblin skeletons (D:11)
  3 hobgoblin zombies (D:11)
  A jackal skeleton (D:5)
  A leopard gecko skeleton (D:5)
  6 orc skeletons (D:11)
  9 orc zombies (D:11)
  A quokka skeleton (D:6)
  19 rats
  3 butterflies (Lair:4)
  A fungus (Lair:4)
  2 plants (Lair:6)
582 creatures vanquished.

Vanquished Creatures (collateral kills)
  A hornet (D:9)
  A yak (Lair:2)
2 creatures vanquished.

Vanquished Creatures (others)
  An unseen horror (D:10)
  11 fungi
  21 plants
33 creatures vanquished.

Grand Total: 617 creatures vanquished

Notes
Turn   | Place    | Note
-------+----------+-------------------------------------------
     0 | D:1      | DildoBatman the Formicid Enchanter began the quest for the Orb.
     0 | D:1      | Reached XP level 1. HP: 13/13 MP: 3/3
   183 | D:1      | Reached skill level 1 in Fighting
   262 | D:1      | Reached XP level 2. HP: 21/21 MP: 5/5
  1150 | D:2      | Reached XP level 3. HP: 13/28 MP: 3/6
  1155 | D:2      | Learned a level 3 spell: Confuse
  1559 | D:2      | Reached XP level 4. HP: 35/35 MP: 3/7
  1636 | D:2      | Found a runed door.
  1867 | D:3      | Found a deep blue altar of Sif Muna.
  1872 | D:3      | Became a worshipper of Sif Muna the Loreminder
  1908 | D:3      | Reached skill level 1 in Armour
  1968 | D:3      | Reached skill level 4 in Hexes
  2264 | D:3      | Noticed Merkolit's ghost (amateur OpEE)
  2554 | D:3      | Reached XP level 5. HP: 27/41 MP: 3/8
  2891 | D:4      | Noticed Ijyb
  2905 | D:4      | Noticed keat06's ghost (amateur GrFi)
  3272 | D:3      | Reached skill level 5 in Hexes
  3416 | D:3      | Reached XP level 6. HP: 35/47 MP: 3/9
  3468 | D:3      | Killed Ijyb
  3676 | D:4      | Reached skill level 6 in Hexes
  3807 | D:4      | Noticed an ogre
  3809 | D:4      | Found a staircase to the Ecumenical Temple.
  3816 | D:4      | Killed an ogre
  3816 | D:4      | Reached skill level 7 in Hexes
  3816 | D:4      | Reached XP level 7. HP: 49/52 MP: 6/10
  3818 | Temple   | Entered the Ecumenical Temple
  4182 | D:5      | Entered Level 5 of the Dungeon
  4229 | D:5      | Noticed BreadTh's ghost (novice SpWz)
  4461 | D:5      | Found a glowing silver altar of Zin.
  4500 | D:5      | Reached skill level 8 in Hexes
  4622 | D:5      | Reached * piety under Sif Muna
  4962 | D:5      | Reached skill level 9 in Hexes
  4962 | D:5      | Reached XP level 8. HP: 55/58 MP: 7/11
  5046 | D:2      | Noticed Crazy Yiuf
  5059 | D:2      | Killed Crazy Yiuf
  5496 | D:3      | Killed Merkolit's ghost
  5756 | D:6      | Found an opulent altar of Gozag.
  5904 | D:4      | Killed keat06's ghost
  5904 | D:4      | Reached skill level 10 in Hexes
  6187 | D:5      | Reached ** piety under Sif Muna
  6407 | D:6      | Found a basalt altar of Yredelemnul.
  6416 | D:6      | Found an iron altar of Okawaru.
  6418 | D:6      | Found a sparkling altar of Nemelex Xobeh.
  6473 | D:6      | Found an ornate altar of the Wu Jian Council.
  6473 | D:6      | Found a hazy altar of Hepliaklqana.
  6540 | D:6      | Reached XP level 9. HP: 32/63 MP: 7/16
  6788 | D:6      | Noticed Duvessa
  6788 | D:6      | Noticed Dowan
  6802 | D:6      | Reached skill level 5 in Spellcasting
  7038 | D:6      | Reached skill level 11 in Hexes
  7468 | D:5      | Killed BreadTh's ghost
  7530 | D:6      | Reached *** piety under Sif Muna
  7701 | D:7      | Noticed a hippogriff
  7715 | D:7      | Killed a hippogriff
  7715 | D:7      | Reached skill level 12 in Hexes
  7759 | D:7      | Noticed Joseph
  7834 | D:7      | Found a blossoming altar of Fedhas.
  8118 | D:7      | Found a radiant altar of Vehumet.
  8230 | D:7      | Reached XP level 10. HP: 65/70 MP: 21/21
  8317 | D:7      | Noticed a freezing wraith
  8331 | D:7      | Killed a freezing wraith
  8647 | D:7      | Reached **** piety under Sif Muna
  8906 | D:7      | Killed Joseph
  8906 | D:7      | Reached skill level 1 in Shields
  9235 | D:7      | Learned a level 4 spell: Petrify
  9593 | D:8      | Reached skill level 13 in Hexes
  9607 | D:8      | Noticed a two-headed ogre
  9645 | D:8      | Killed a two-headed ogre
  9671 | D:8      | Reached skill level 5 in Stealth
  9708 | D:8      | Found a snail-covered altar of Cheibriados.
  9971 | D:8      | Noticed a two-headed ogre
  9988 | D:8      | Killed a two-headed ogre
  9988 | D:8      | Reached XP level 11. HP: 58/78 MP: 20/23
 10732 | D:9      | Found Haczuk's Antique Weapon Emporium.
 11918 | D:6      | Killed Duvessa
 11931 | D:6      | Killed Dowan
 12279 | D:10     | Entered Level 10 of the Dungeon
 12376 | D:10     | Noticed a two-headed ogre
 12423 | D:10     | Killed a two-headed ogre
 12423 | D:10     | Reached skill level 5 in Fighting
 12529 | D:10     | Noticed a tengu warrior
 12725 | D:9      | Killed a tengu warrior
 12725 | D:9      | Reached skill level 5 in Armour
 12924 | D:10     | Noticed an unseen horror
 12975 | D:10     | Reached ***** piety under Sif Muna
 13086 | D:10     | Reached skill level 1 in Long Blades
 13089 | D:10     | Noticed a cyclops
 13100 | D:10     | Killed an unseen horror
 13272 | D:10     | Killed a cyclops
 13349 | D:10     | Identified Sif Muna's Compendium of the Vacuum (Sif Muna gifted it to you on level 10 of the Dungeon)
 13349 | D:10     | Received a gift from Sif Muna
 13441 | D:10     | Reached skill level 14 in Hexes
 13444 | D:10     | Found Astaddinie's Book Emporium.
 13453 | D:10     | Reached XP level 12. HP: 83/86 MP: 25/25
 14031 | D:11     | Noticed a two-headed ogre
 14064 | D:11     | Killed a two-headed ogre
 14152 | D:11     | Found a staircase to the Orcish Mines.
 14321 | D:11     | Noticed a death yak
 14514 | D:10     | Reached skill level 15 in Hexes
 14672 | D:11     | Found a staircase to the Lair.
 14745 | Lair:1   | Entered Level 1 of the Lair of Beasts
 14803 | Lair:1   | Reached skill level 1 in Earth Magic
 14835 | Lair:1   | Reached skill level 1 in Transmutations
 15438 | Lair:1   | Noticed Fv001's ghost (journeyman GnEE)
 16176 | Lair:1   | Identified Sif Muna's Almanac of Black Rites and the Arsonist (Sif Muna gifted it to you on level 1 of the Lair of Beasts)
 16176 | Lair:1   | Received a gift from Sif Muna
 16428 | Lair:1   | Reached skill level 10 in Spellcasting
 16685 | Lair:2   | Noticed a catoblepas
 16903 | Lair:2   | Noticed a six-headed hydra
 16913 | Lair:2   | Found a labyrinth entrance.
 16922 | Lab      | Entered a labyrinth
 17189 | Lab      | Noticed a minotaur
 17346 | Lab      | HP: 3/86 [minotaur/jewelled rapier {venom} (14)]
 17778 | Lair:3   | Reached skill level 16 in Hexes
 17778 | Lair:3   | Reached XP level 13. HP: 58/91 MP: 18/27
 18022 | Lair:3   | Noticed Nergalle
 18059 | Lair:3   | Killed Nergalle
 18132 | Lair:3   | Noticed Rupert
 18664 | Lair:3   | Reached skill level 17 in Hexes
 18804 | Lair:4   | Found a staircase to the Snake Pit.
 18820 | Lair:4   | Found a staircase to the Shoals.
 18905 | Lair:4   | Noticed an eight-headed hydra
 19597 | Lair:4   | Reached skill level 10 in Stealth
 19928 | Lair:4   | Noticed Nessos
 19951 | Lair:4   | Killed Nessos
 20769 | Lair:4   | Received a gift from Sif Muna
 20812 | Lair:4   | Learned a level 2 spell: Slow
 20911 | Lair:4   | Killed an eight-headed hydra
 21564 | Lair:4   | Reached skill level 18 in Hexes
 21819 | Lair:4   | Reached XP level 14. HP: 96/98 MP: 28/28
 21824 | Lair:5   | Noticed Josephine
 22129 | Lair:5   | Reached skill level 1 in Evocations
 22565 | Lair:5   | Found a staircase to the Slime Pits.
 22945 | Lair:5   | Reached skill level 5 in Earth Magic
 23351 | Lair:5   | Killed Josephine
 23502 | Lair:6   | Entered Level 6 of the Lair of Beasts
 23795 | Lair:6   | Reached skill level 5 in Transmutations
 23815 | Lair:6   | Learned a level 4 spell: Cause Fear
 23925 | Lair:6   | Found a frozen archway.
 23974 | IceCv    | Entered an ice cave
 24299 | IceCv    | Reached skill level 5 in Shields
 24310 | IceCv    | Reached skill level 5 in Dodging
 26560 | IceCv    | Noticed a frost giant
 26586 | IceCv    | Got a blackened great mace
 26682 | IceCv    | Identified the +6 great mace of Vengeance {vamp, rElec Str+6} (You found it in an ice cave)
 27441 | Lair:6   | Reached skill level 1 in Maces & Flails
 27873 | Lair:6   | Reached skill level 5 in Evocations
 27931 | Lair:6   | Reached XP level 15. HP: 97/105 MP: 29/29
 29149 | Lair:6   | Identified Xekhamoall's Papyrus of Supportive Fire (Sif Muna gifted it to you on level 6 of the Lair of Beasts)
 29149 | Lair:6   | Received a gift from Sif Muna
 29888 | Lair:6   | Got a polished helmet
 29891 | Lair:6   | Identified the +0 helmet of Disguise {Str+2 Int+4} (You found it on level 6 of the Lair of Beasts)
 30574 | D:11     | Found Atadyne's Antique Armour Boutique.
 30636 | Orc:1    | Entered Level 1 of the Orcish Mines
 30662 | Orc:1    | Mangled by an orc warrior

Skill      XL: |  1  2  3  4  5  6  7  8  9 10 11 12 13 14 15 |
---------------+----------------------------------------------+-----
Fighting       | 1 2 3 4 5 6 |  6.0
Dodging        | 2 3 4 5 |  5.0
Stealth        | 4 5 8 11 12 | 12.0
Armour         | 2 3 5 6 |  6.0
Hexes          | 4 5 7 9 10 12 13 14 16 18 | 18.7
Spellcasting   | 4 7 8 9 10 | 10.0
Shields        | 3 6 9 |  9.0
Long Blades    | 2 |  2.8
Earth Magic    | 4 5 |  5.0
Transmutations | 3 5 |  5.0
Evocations     | 5 |  5.0
Maces & Flails | 2 3 |  3.0
Short Blades   | |  1.0

Action                   |  1- 3 |  4- 6 |  7- 9 | 10-12 | 13-15 || total
-------------------------+-------+-------+-------+-------+-------++-------
Melee: Dagger            |   101 |   161 |   190 |   665 |  1200 ||  2317
       Hand axe          |       |    15 |   145 |       |       ||   160
       Quarterstaff      |       |       |    78 |   375 |   132 ||   585
       Great mace        |       |       |       |       |   303 ||   303
 Cast: Corona            |    16 |    17 |    46 |   111 |    54 ||   244
       Confuse           |     1 |     5 |    55 |   211 |   388 ||   660
       Slow              |       |       |       |       |   136 ||   136
 Abil: Dig               |     6 |     3 |     2 |    27 |    60 ||    98
  Use: Scroll            |       |       |     2 |    11 |     2 ||    15
       Potion            |       |       |       |     5 |     2 ||     7
 Stab: Sleeping          |     4 |       |     2 |     3 |     4 ||    13
       Confused          |       |       |    15 |    91 |   155 ||   261
       Paralysed         |       |       |     3 |     1 |     1 ||     5
       Distracted        |       |       |       |     2 |     1 ||     3
       Petrified         |       |       |       |     6 |    11 ||    17
       Petrifying        |       |       |       |       |     2 ||     2
  Eat: Chunk             |     3 |     9 |    18 |    40 |    44 ||   114
       Ration            |       |       |       |       |     4 ||     4
Armor: Ring mail         |    33 |    51 |   167 |   220 |   440 ||   911
       Skin              |       |       |       |     8 |       ||     8
Dodge: Dodged            |    55 |    70 |   211 |   375 |   689 ||  1400
Block: Buckler           |       |       |       |   259 |   505 ||   764
       Other             |       |       |       |    11 |       ||    11
       Reflection        |       |       |       |    13 |     5 ||    18
       Shield            |       |       |       |       |    74 ||    74
